Map: Dusk Towers

Players

dTefel (Tefel) - Winner!

  • Race: Zerg Zerg
  • League: Grandmaster

MiNiMaTh

  • Race: Zerg Zerg
  • League: Grandmaster

Event: DreamHack ZOWIE Open Leipzig

VOD

Have the link to the VOD?

Description

Time

  • Played on: Jan. 22, 2016, 7:35 a.m.
  • Length: 13:33

All games in this series

Show
View Real Time Build Order
Export as new Build Order

dTefel Zerg - Winner!

Build Orders: Pool First 

Get SALT Encoding   

  12  0:00  Drone  
  13  0:08  Drone  
  14  0:17  Overlord  
  14  0:22  Extractor  
  14  0:23  Drone  
  15  0:35  Drone x2  
  17  0:45  Spawning Pool  
  17  0:47  Drone  
  17  1:08  Hatchery  
  17  1:10  Drone  
  17  1:14  Extractor  
  17  1:15  Drone  
  17  1:19  Drone  
  18  1:26  Drone  
  18  1:31  Queen  
  21  1:38  Zergling x2  
  22  1:47  Overlord  
  22  2:05  Drone  
  22  2:07  Queen  
  25  2:10  Drone  
  25  2:14  Metabolic Boost  
  26  2:20  Drone x2  
  28  2:30  Drone x2  
  30  2:40  Drone x3  
  33  2:46  Hatchery  
  33  2:49  Baneling Nest  
  33  2:51  Drone  
  32  2:57  Overlord  
  31  2:59  Drone  
  31  3:01  Zergling x2  
  31  3:04  Drone  
  34  3:13  Drone  
  35  3:21  Drone x5  
  35  3:24  Zergling x2  
  35  3:25  Overlord  
  41  3:28  Extractor  
  41  3:29  Drone  
  41  3:33  Baneling  
  41  3:36  Drone  
  41  3:40  Evolution Chamber, Queen  
  43  3:44  Roach Warren  
  43  3:47  Drone  
  43  3:48  Drone  
  44  3:50  Drone  
  44  3:53  Drone x2  
  47  3:59  Lair  
  47  4:01  Drone  
  47  4:02  Drone  
  49  4:04  Extractor  
  49  4:06  Zergling x4  
  49  4:07  Baneling x2  
  49  4:09  Zergling x2  
  50  4:18  Drone x3, Zergling x4  
  50  4:20  Drone  
  53  4:32  Drone x4  
  53  4:35  Drone, Baneling  
  53  4:38  Overlord  
  58  4:39  Zerg Missile Weapons Level 1  
  58  4:44  Overlord  
  58  4:45  Overlord  
  58  4:53  Overlord  
  58  4:56  Drone x5  
  58  4:57  Drone  
  64  5:06  Drone x4  
  67  5:07  Zergling x2  
  67  5:08  Roach  
  67  5:09  Roach x4  
  67  5:11  Glial Reconstitution  
  77  5:16  Roach x2  
  77  5:18  Drone  
  77  5:19  Extractor  
  77  5:20  Extractor  
  80  5:22  Roach  
  82  5:39  Drone x5, Overlord  
  82  5:42  Drone x2, Hydralisk Den  
  87  5:45  Roach  
  87  5:49  Drone  
  89  5:50  Overlord  
  89  5:52  Overlord x2  
  89  5:54  Overlord  
  89  6:01  Roach x2  
  93  6:05  Roach x2  
  93  6:06  Hatchery, Overseer  
  96  6:11  Roach  
  96  6:12  Roach x4  
  96  6:16  Hydralisk x3  
  112  6:18  Hydralisk  
  112  6:22  Roach x2  
  112  6:23  Roach  
  112  6:25  Roach  
  122  6:26  Roach  
  122  6:29  Roach  
  122  6:32  Roach  
  128  6:35  Overlord  
  128  6:37  Overlord  
  128  6:38  Zergling x2  
  128  6:39  Overlord  
  129  6:45  Zerg Missile Weapons Level 2  
  129  6:46  Overlord  
  129  6:53  Overlord  
  129  6:54  Drone x4  
  129  6:56  Overlord  
  129  6:59  Drone, Hydralisk x2  
  129  7:01  Muscular Augments, Extractor  
  137  7:02  Hydralisk  
  137  7:05  Hydralisk  
  137  7:08  Hydralisk  
  141  7:10  Hydralisk  
  141  7:11  Hydralisk  
  141  7:15  Overlord, Hydralisk  
  147  7:19  Roach  
  147  7:20  Roach  
  147  7:22  Roach  
  155  7:24  Hydralisk  
  155  7:27  Hydralisk  
  159  7:30  Hydralisk  
  159  7:33  Hydralisk  
  159  7:35  Drone x2  
  165  7:39  Hydralisk x2  
  165  7:42  Overlord  
  169  7:45  Hydralisk x2  
  169  7:46  Drone  
  169  7:47  Overlord  
  169  7:49  Hydralisk  
  176  7:51  Hydralisk  
  176  7:54  Roach  
  176  7:56  Roach  
  176  7:57  Roach  
  186  7:58  Roach  
  186  8:01  Roach  
  186  8:04  Roach x2  
  186  8:05  Roach  
  194  8:06  Roach  
  194  8:08  Roach  
  196  8:14  Roach  
  196  8:15  Roach  
  200  8:23  Roach  
  200  8:25  Hydralisk  
  200  8:27  Roach  
  200  8:28  Roach  
  200  8:32  Roach  
  200  8:33  Roach x8  
  197  8:34  Roach  
  197  8:36  Roach  
  197  8:38  Roach  
  173  8:44  Roach  
  173  8:45  Roach x2  
  173  8:47  Roach  
  176  8:56  Roach x3  
  176  8:57  Roach  
  182  9:05  Roach x2  
  182  9:08  Roach x2  
  190  9:16  Roach, Queen  
  194  9:17  Roach x2, Queen  
  194  9:23  Hydralisk, Roach x2  
  200  9:26  Hydralisk x3  
  200  9:27  Hydralisk  
  200  9:29  Hydralisk  
  200  9:30  Hydralisk  
  200  9:34  Hydralisk  
  200  9:35  Hydralisk  
  200  9:36  Hydralisk  
  196  9:39  Drone  
  196  9:42  Hydralisk  
  196  9:43  Zergling x2  
  196  9:44  Extractor  
  199  9:46  Zerg Ground Armor Level 1  
  199  9:51  Zergling x2  
  200  9:58  Roach  
  184  10:07  Roach  
  184  10:08  Roach x4  
  184  10:09  Roach x3  
  184  10:11  Lurker Den  
  200  10:14  Roach  
  199  10:36  Zergling x2  
  199  10:41  Hydralisk x2  
  199  10:42  Hydralisk x2  
  199  10:45  Roach x2  
  199  10:54  Roach  
  199  10:55  Roach  
  199  10:56  Roach x2  
  197  10:57  Roach  
  193  11:16  Overlord  
  189  11:42  Lurker x3  
  189  11:43  Roach x4  
  198  11:48  Roach  
  198  11:50  Roach  
  198  11:51  Roach  
  198  11:52  Roach x2  
  196  11:54  Roach  
  196  11:55  Roach  
  196  11:56  Hydralisk  
  196  11:58  Hydralisk  
  196  11:59  Hydralisk x4  
  196  12:00  Hydralisk  
  196  12:01  Hydralisk  
  185  12:02  Hydralisk x3  
  185  12:03  Hydralisk x5  
  185  12:05  Roach x11  
  185  12:06  Roach  
  177  12:08  Roach  
  177  12:10  Roach  
  177  12:11  Roach x2  
  177  12:12  Roach x3  
  172  12:15  Roach  
  172  12:16  Roach  
  172  12:17  Roach  
  172  12:24  Hydralisk  
  172  12:26  Hydralisk  
  172  12:27  Hydralisk  
  176  12:30  Hydralisk  
  176  12:32  Hydralisk  
  180  12:37  Hydralisk x2  
  180  12:38  Hydralisk  
  180  12:42  Hydralisk x2  
  180  12:43  Hydralisk  
  190  12:46  Roach  
  190  12:49  Roach  
  194  12:52  Roach  
  194  12:53  Roach  
  194  12:56  Roach  
  198  12:59  Roach  
  200  13:12  Roach  
  198  13:19  Drone  
Show
View Real Time Build Order
Export as new Build Order

MiNiMaTh Zerg 

Build Orders: Hatch First 

Get SALT Encoding   

  12  0:01  Drone  
  13  0:12  Overlord  
  13  0:17  Drone  
  14  0:30  Drone x2  
  14  0:35  Drone  
  17  0:53  Hatchery  
  17  0:54  Drone  
  17  0:58  Drone  
  18  1:08  Extractor  
  17  1:12  Spawning Pool  
  17  1:14  Drone  
  17  1:18  Drone  
  18  1:28  Drone  
  19  1:38  Overlord  
  19  1:49  Drone  
  20  1:58  Queen  
  20  2:01  Zergling x2  
  23  2:04  Queen  
  23  2:05  Zergling x2  
  23  2:08  Metabolic Boost  
  26  2:11  Drone  
  27  2:16  Drone  
  27  2:22  Drone  
  29  2:32  Drone x2  
  31  2:39  Hatchery  
  30  2:47  Baneling Nest  
  30  2:48  Overlord  
  29  2:53  Drone x2  
  31  3:00  Drone x2  
  31  3:05  Drone  
  34  3:09  Drone x2  
  34  3:10  Drone  
  34  3:12  Drone  
  38  3:15  Drone  
  38  3:17  Drone  
  38  3:18  Drone  
  40  3:21  Drone  
  40  3:25  Drone  
  42  3:30  Spine Crawler  
  42  3:31  Overlord  
  41  3:36  Zergling x2  
  41  3:37  Baneling  
  41  3:38  Baneling  
  41  3:39  Zergling x2  
  41  3:41  Overlord  
  43  3:49  Queen  
  43  3:55  Drone x3  
  48  3:56  Drone x3  
  48  3:57  Drone  
  48  3:59  Extractor  
  48  4:00  Drone  
  48  4:01  Extractor  
  48  4:02  Drone  
  52  4:05  Drone  
  52  4:07  Drone  
  54  4:13  Evolution Chamber  
  54  4:14  Roach Warren  
  54  4:15  Drone  
  53  4:18  Drone x2  
  53  4:20  Overlord  
  53  4:22  Drone  
  53  4:35  Lair  
  53  4:36  Drone x2  
  55  4:40  Zerg Missile Weapons Level 1, Zergling x2  
  55  4:41  Zergling x10  
  61  4:46  Drone  
  61  4:47  Drone x4  
  61  4:51  Drone  
  67  5:07  Drone x4  
  68  5:09  Drone x3  
  68  5:11  Drone, Extractor  
  68  5:13  Evolution Chamber  
  72  5:15  Drone x3, Extractor  
  72  5:16  Overlord x3  
  72  5:20  Overlord  
  71  5:47  Zerg Ground Armor Level 1  
  71  5:48  Glial Reconstitution  
  71  5:49  Roach x7  
  96  5:50  Roach x7  
  96  5:51  Roach  
  98  6:02  Drone x3  
  98  6:03  Extractor  
  100  6:13  Drone  
  100  6:14  Drone x2  
  100  6:15  Roach  
  100  6:16  Overlord x2  
  105  6:25  Drone  
  106  6:33  Hatchery  
  106  6:34  Roach x5  
  106  6:35  Roach  
  106  6:36  Roach  
  106  6:37  Roach  
  121  6:43  Overlord x2  
  121  6:46  Zerg Missile Weapons Level 2  
  121  6:49  Pneumatized Carapace  
  121  7:00  Hatchery  
  120  7:03  Roach x5  
  120  7:04  Roach x4  
  138  7:11  Overlord x3  
  138  7:23  Overlord x2  
  138  7:25  Overlord  
  138  7:29  Ravager x5  
  144  7:30  Ravager x2  
  144  7:31  Roach x7  
  144  7:35  Roach  
  161  7:42  Roach x2  
  165  7:54  Roach x5  
  165  7:55  Overlord x3  
  165  7:56  Overlord  
  175  8:00  Overseer  
  175  8:06  Ravager  
  175  8:08  Overlord  
  174  8:21  Roach x3  
  174  8:22  Roach x5  
  164  8:37  Roach x8  
  164  8:38  Roach x5  
  131  8:55  Roach x6  
  138  8:56  Roach x5  
  138  8:59  Roach  
  138  9:00  Roach x2  
  148  9:03  Roach  
  148  9:06  Ravager  
  148  9:07  Ravager  
  148  9:08  Ravager x4  
  148  9:09  Roach x2  
  160  9:10  Roach  
  160  9:14  Roach  
  160  9:15  Roach x3  
  160  9:16  Roach  
  168  9:29  Roach x2  
  168  9:30  Roach x6  
  182  9:35  Ravager  
  181  9:39  Roach  
  183  9:51  Overlord x2  
  171  10:01  Roach x7  
  171  10:02  Roach  
  170  10:07  Roach  
  170  10:08  Roach x2  
  170  10:10  Ravager  
  170  10:11  Ravager  
  170  10:12  Ravager, Overseer  
  179  10:14  Ravager  
  179  10:16  Roach x2  
  179  10:20  Roach x3  
  190  10:24  Roach x2  
  190  10:25  Roach  
  190  10:26  Roach  
  198  10:31  Roach x2  
  198  10:36  Roach  
  197  10:48  Roach  
  191  10:59  Roach x2  
  191  11:00  Roach x4  
  188  11:05  Roach x4  
  188  11:06  Roach x2  
  200  11:14  Spore Crawler  
  200  11:15  Spore Crawler x2  
  200  11:16  Spore Crawler, Ravager x2  
  200  11:17  Ravager x2  
  190  11:55  Roach x5  
  116  12:17  Roach x13  
  116  12:18  Roach  
  144  12:30  Hatchery, Roach x4  
  144  12:31  Roach x3  
  144  12:35  Ravager x2  
  159  12:41  Ravager x2  
  159  12:43  Ravager, Roach x4  
  170  12:48  Roach  
  170  12:49  Hydralisk Den  
  157  12:53  Roach x5  
  157  12:54  Roach x3  
  173  12:59  Roach x4  

Tags
 
Add a new tag
Caveats
  • Supply blocks, unpowered buildings, or Contaminate may cause inaccurate times.
  • Supply counts are checked every 10 seconds.